 Dungeon Crawl Stone Soup version 0.29.1-2-gbd0b4ee654 (webtiles) character file.

Game seed: 2773148737941784591

50087 croobank the Spry (level 14, -2/73 HPs)
             Began as a Felid Summoner on Nov 19, 2022.
             Was an Initiate of Gozag.
             Killed from afar by a swamp worm (23 damage)
             ... with a harpoon shot
             ... on level 2 of the Swamp on Nov 20, 2022.
             The game lasted 04:26:24 (39161 turns).

croobank the Spry (Felid Summoner)                 Turns: 39161, Time: 04:26:24

Health: -2/73      AC:  3    Str: 14    XL:     14   Next: 18%
Magic:  14/30      EV: 42    Int: 23    God:    Gozag
Gold:   300        SH:  5    Dex: 28    Spells: 1/36 levels left
                                        Lives:  0   Deaths: 4

rFire   + + .      SeeInvis +   (weapon unavailable)
rCold   + . .      Faith    .   (shield unavailable)
rNeg    . . .      Spirit   .   (body armour unavailable)
rPois   +          Reflect  +   (helmet unavailable)
rElec   .          Harm     .   (cloak unavailable)
rCorr   +          Rampage  .   (gloves unavailable)
Will    ++++.                   (boots unavailable)
Stlth   +++.......              R - amulet of the Four Xenops {Reflect Drain rF++ Regen+ Dex+10 SH+5}
HPRegen 1.02/turn               D - ring of Hasoixt {rPois Will++ rCorr Str+4 SInv}
MPRegen 0.22/turn               G - +6 ring of strength

@: forested, quick
A: very small, claws 1, fangs 3, see invisible, speed 1, shaggy fur 3, stealthy
paws, no weapons or thrown items, no armour, multi-lived
a: Renounce Religion, Potion Petition, Call Merchant, Bribe Branch


You were on level 2 of the Swamp.
You worshipped Gozag.
Gozag was aware of your devotion.
You visited 6 branches of the dungeon, and saw 27 of its levels.
You also visited: Bailey.

You collected 8721 gold pieces.
You spent 2872 gold pieces at shops.
You paid 5549 gold pieces to Gozag.

Inventory:

Jewellery
 b - a ring of poison resistance
 d - a ring of flight
 g - a +6 ring of intelligence
 j - a +4 ring of protection
 o - a +6 ring of dexterity
 t - an amulet of regeneration
 v - a ring of willpower
 B - a +4 ring of protection
 D - the ring of Hasoixt (left paw) {rPois Will++ rCorr Str+4 SInv}
   (You acquired it on level 2 of the Spider Nest)

   [ring of poison resistance]

   Str:       It affects your strength (+4).
   rPois:     It protects you from poison.
   SInv:      It lets you see invisible.
   rCorr:     It protects you from acid and corrosion.
   Will:      It greatly increases your willpower.
 G - a +6 ring of strength (right paw)
 N - a ring of resist corrosion
 R - the amulet of the Four Xenops (around neck) {Reflect Drain rF++ Regen+ Dex+10 SH+5}
   (You bought it in a shop on level 1 of the Spider Nest)

   [amulet of reflection]

   It reflects blocked missile attacks.
   Dex:       It affects your dexterity (+10).
   rF:        It greatly protects you from fire.
   Regen:     It increases your rate of health regeneration.
   Drain:     It drains your maximum health when unequipped.
   SH:        It affects your SH (+5).
 S - the ring "Heatrek" {rElec rPois rCorr Str-3}
   (You bought it in a shop on level 1 of the Spider Nest)

   [ring of poison resistance]

   Str:       It affects your strength (-3).
   rElec:     It insulates you from electricity.
   rPois:     It protects you from poison.
   rCorr:     It protects you from acid and corrosion.
Wands
 n - a wand of polymorph (7)
 u - a wand of digging (17)
 y - a wand of roots (26)
 C - a wand of mindburst (15)
 H - a wand of light (8)
 T - a wand of flame (12)
 U - a wand of charming (6)
Scrolls
 e - 2 scrolls of amnesia
 h - 12 scrolls of teleportation
 i - 2 scrolls of torment
 k - 4 scrolls of immolation
 x - 3 scrolls of enchant armour
 z - a scroll of magic mapping
 A - 8 scrolls of identify
 I - a scroll of vulnerability
 K - 4 scrolls of butterflies
 M - a scroll of summoning
 P - 5 scrolls of fear
Potions
 a - a potion of invisibility
 c - 3 potions of cancellation
 f - 4 potions of attraction
 l - 5 potions of brilliance
 m - 6 potions of mutation
 p - 8 potions of haste
 q - 11 potions of curing
 r - 3 potions of berserk rage
 s - 5 potions of might
 w - 2 potions of ambrosia
 E - 2 potions of lignification
 J - 3 potions of flight
 Q - 2 potions of resistance
Miscellaneous
 F - a phial of floods (inert)
 L - a condenser vane (inert)
 O - a phantom mirror
 V - a tin of tremorstones (2/2)


   Skills:
 - Level 15.0 Fighting
 - Level 19.0 Dodging
 - Level 3.0 Stealth
 + Level 11.8 Spellcasting
 - Level 5.0 Hexes
 + Level 12.1 Summonings
 - Level 10.0 Translocations
 - Level 3.0 Ice Magic
 - Level 7.0 Air Magic
 - Level 7.4 Poison Magic


You had one spell level left.
You knew the following spells:

 Your Spells              Type           Power      Damage    Failure   Level
a - Summon Small Mammal   Summ           100%       N/A       1%          1
b - Call Imp              Summ           62%        N/A       1%          2
c - Call Canine Familiar  Summ           62%        N/A       1%          3
d - Summon Guardian Gole  Hex/Summ       52%        N/A       1%          3
e - Summon Lightning Spi  Summ/Air       55%        N/A       1%          4
f - Summon Ice Beast      Ice/Summ       48%        N/A       1%          4
g - Summon Cactus Giant   Summ           31%        N/A       4%          6
h - Summon Forest         Summ/Tloc      29%        N/A       1%          5
i - Apportation           Tloc           100%       N/A       1%          1
j - Olgreb's Toxic Radia  Pois           47%        N/A       2%          4
k - Blink                 Tloc           100%       N/A       1%          2

Your spell library contained the following spells:

 Spells                   Type           Power      Damage    Failure   Level
 Ensorcelled Hibernation  Hex/Ice        64%        N/A       1%          2
 Lesser Beckoning         Tloc           56%        N/A       1%          3
 Swiftness                Air            45%        N/A       1%          3
 Manifold Assault         Tloc           56%        N/A       2%          5
 Spider Form              Tmut/Pois      30%        N/A       3%          3
 Ozocubu's Armour         Ice            27%        N/A       4%          3
 Cause Fear               Hex            18%        N/A       6%          4
 Passwall                 Tmut/Erth      10%        N/A       7%          2
 Scorch                   Fire           26%        2d6       7%          2
 Anguish                  Hex/Necr       12%        N/A       17%         4
 Leda's Liquefaction      Hex/Erth       12%        N/A       17%         4
 Hailstorm                Conj/Ice       20%        3d6       26%         4
 Ice Form                 Ice/Tmut       20%        N/A       26%         4
 Summon Hydra             Summ           31%        N/A       26%         7
 Alistair's Intoxication  Tmut/Pois      20%        N/A       28%         5
 Flame Wave               Conj/Fire      13%        2d6       43%         4
 Blade Hands              Tmut           6%         N/A       78%         5
 Borgnjor's Vile Clutch   Necr/Erth      6%         N/A       78%         5
 Fireball                 Conj/Fire      6%         3d5       78%         5
 Lee's Rapid Deconstruct  Erth           6%         3d7*      78%         5
 Eringya's Noxious Bog    Tmut/Pois      15%        N/A       85%         6
 Enfeeble                 Hex            18%        N/A       99%         7
 Death Channel            Necr           6%         N/A       100%        6
 Iron Shot                Conj/Erth      6%         9d2       100%        6
 Starburst                Conj/Fire      6%         6d4       100%        6
 Statue Form              Tmut/Erth      8%         N/A       100%        6
 Dragon Form              Tmut           6%         N/A       100%        7
 Ozocubu's Refrigeration  Ice            13%        4d10      100%        7
 Ignition                 Fire           6%         3d4       100%        8
 Dragon's Call            Summ           31%        N/A       100%        9
 Animate Armour           Summ/Erth      Unusable   N/A       N/A         4
 Animate Dead             Necr           Unusable   N/A       N/A         4

Dungeon Overview and Level Annotations

Branches:
Dungeon (14/15)            Temple (1/1) D:4            Lair (5/5) D:11
  Swamp (2/4) Lair:2       Spider (3/4) Lair:2        Slime (0/5) Lair:4
    Orc (2/2) D:11            Elf (0/3) Orc:2        Vaults (0/5) D:14
 Bailey (visited)

Altars:
Ashenzari
Cheibriados
Dithmenos
Elyvilon
Fedhas
Gozag
Hepliaklqana
Kikubaaqudgha
Makhleb
Nemelex Xobeh
Okawaru
Qazlal
Ru
Sif Muna
Trog
Uskayaw
Vehumet
Wu Jian
Xom
Yredelemnul
Zin
The Shining One
Jiyva

Shops:
D:12 [   Orc:2 !?(*   Lair:2 :   Spider:1 =:   Spider:2 *

Annotations:
D:10 exclusion: obsidian statue
Lair:1 1 runed translucent door, gregunderscorem's ghost, journeyman OpMo
Spider:1 Roxanne


Innate Abilities, Weirdness & Mutations

You have sharp claws.
You have razor-sharp teeth.
You have supernaturally acute eyesight. (SInv)
You cover ground quickly. (Speed+)
Your thick and shaggy fur keeps you warm. (AC +3, rC+)
Your paws help you pounce on unaware monsters.
You are incapable of wielding weapons or throwing items.
You cannot wear armour.
You gain extra lives every three experience levels.


Message History

Where to? (Enter - Lair:2 @ (x,y), ? - help)
You enter the shallow water.
Moving in this stuff is going to be slow.
You enter the shallow water.
Moving in this stuff is going to be slow.
There is a stone staircase leading down here.
You climb downwards.
Found a dire flail and a potion of curing.
Found a stone staircase leading down.
There is a stone staircase leading up here.
There are monsters nearby!
You pounce on the unaware helpless bunyip!
You scratch the bunyip.
The bunyip is lightly wounded.
The bunyip completely misses you. The bunyip claws you!! x2
* * * LOW HITPOINT WARNING * * *
Casting: Summon Cactus Giant (dangerous; 4% risk of failure)
Confirm with . or Enter, or press ? or * to list all spells.
You blink.
Found a stone staircase leading down.
Casting: Blink (safe; 1% risk of failure)
Confirm with . or Enter, or press ? or * to list all spells.
A chill wind blows around you.
Casting: Summon Forest (dangerous; 1% risk of failure)
Press: ? - help, Q - select action, (/) - cycle Dir - look around, f - activate Splash!
You fall into the shallow water.
Moving in this stuff is going to be slow.
A forested plane collides here with a resounding crunch!
Your dryad calls out to the forest.
The forest starts to sway and rumble!
You swap places.
The trees move their gnarly branches around.
The swamp worm bites your ice beast.
Casting: Summon Forest (dangerous; 1% risk of failure)
Confirm with . or Enter, or press ? or * to list all spells.
The swamp worm is hit by a branch!
The swamp worm fires a harpoon shot at you.
The harpoon shot hits you!!
You die...
Your body crumbles into a pile of gold.

♣.. .>♣ ♣~~ ♣~~
♣~~♣♣ ♣♣♣♣ ♣~§~♣
...♣ ♣♣~~~♣♣
...♣♣♣.~CR@♣ #
#..♣§~~~♣~♣♣
...#....~~~~wY♣
......~~~~~§♣~♣
#..~<~.~..~.
#.....~♣~>~~~♣
.)..........~♣.♣
#.......~.~~♣...
#....§§~.......~♣


You could see a swamp worm (ally target), a friendly dryad (summoned), a
friendly cactus giant (summoned) and a friendly ice beast (summoned).

Vanquished Creatures
  A spark wasp (Spider:2)
  An ogre mage (Orc:2)
  A jorogumo (Spider:1)
  A two-headed ogre (Orc:2)
  A cyclops (Orc:2)
  A torpor snail (Spider:1)
  4 blink frogs
  4 tarantellas
  A slime creature (D:12)
  3 jumping spiders
  3 culicivoras
  5 redbacks
  3 ogres
  A killer bee (D:10)
  An orc priest (D:4)
  2 orc wizards
  An adder (D:4)
  An ufetubus (D:5)
  2 dart slugs
  8 orcs
  2 bats
  A giant cockroach (D:2)
  A jackal (D:1)
49 creatures vanquished.

Vanquished Creatures (collateral kills)
  Rupert (D:13)
  Mlioglotl (Swamp:1)
  Gastronok (D:9)
  Aizul (Spider:2)
  A ghost moth (Spider:2)
  An emperor scorpion (Spider:2)
  The ghost of qeuew the Tortoise, a journeyman HOMo of Makhleb (Orc:2)
  An entropy weaver (Spider:2)
  A bunyip (Swamp:1)
  8 hydras
  3 catoblepae
  4 vault guards (D:14)
  3 boulder beetles
  3 centaur warriors (D:14)
  A jorogumo (Spider:2)
  An ogre mage (Orc:2)
  7 two-headed ogres
  An alligator (Swamp:1)
  7 death yaks
  A deep troll shaman (Lair:5)
  Sonja (D:10)
  2 deep trolls (Orc:1)
  A goliath frog (Swamp:1)
  A swamp dragon (Swamp:1)
  3 orb spiders
  A pharaoh ant (Spider:2)
  3 steelbarb worms (Spider:1)
  A bog body (Swamp:1)
  2 deep elf pyromancers
  6 wolf spiders
  3 orc knights
  An oklob plant (Lair:1)
  8 cyclopes
  An orc sorcerer (Orc:2)
  4 ugly things
  2 will-o-the-wisps (Swamp:1)
  12 elephants
  A black mamba (Lair:3)
  A gargoyle (D:12)
  A rime drake (Lair:3)
  2 torpor snails
  9 cane toads
  An unseen horror (D:10)
  3 kobold demonologists
  A komodo dragon (shapeshifter) (D:14)
  A demonic crawler (Lair:2)
  7 komodo dragons
  3 meliai (D:13)
  A hornet (D:9)
  9 trolls
  3 tyrant leeches
  4 nameless horrors
  5 polar bears
  24 blink frogs
  10 tarantellas
  A raiju (shapeshifter) (D:14)
  3 slime creatures
  13 dream sheep
  2 shadows
  9 jumping spiders
  A water elemental (D:12)
  9 culicivoras
  6 wraiths
  4 wyverns
  4 basilisks
  32 yaks
  10 redbacks
  3 swamp worms
  4 vampire mosquitoes
  4 wargs
  14 water moccasins
  An acid dragon (D:14)
  10 orc warriors
  An ice beast (D:6)
  4 black bears
  4 boggarts (Lair:4)
  3 centaurs
  17 ogres
  16 wolves
  2 phantoms
  4 kobold brigands
  7 bullfrogs
  A necrophage (D:6)
  5 wights (D:8)
  8 killer bees (D:10)
  3 howler monkeys (D:8)
  10 electric eels
  5 jellies
  17 orc priests
  3 hounds
  3 iguanas
  18 orc wizards
  19 gnolls
  7 adders
  A shadow imp (D:6)
  2 ufetubi
  5 dart slugs
  67 orcs
  A ball python (D:4)
  7 endoplasms
  3 giant cockroaches
  A goblin (D:3)
  5 hobgoblins
  3 jackals (D:1)
  20 kobolds
  2 quokkas (D:2)
  2 bats
  4 frilled lizards
  A rat (D:2)
  A bush (Lair:1)
  A butterfly (Lair:5)
599 creatures vanquished.

Vanquished Creatures (others)
  Agnes (Spider:2)
  Donald (Orc:2)
  Josephine (Lair:5)
  A rakshasa (D:14)
  2 boulder beetles
  A catoblepas (Lair:5)
  A two-headed ogre (Orc:2)
  A centaur warrior (D:13)
  5 death yaks
  A sun moth (Spider:1)
  A pharaoh ant (Spider:2)
  A goliath frog (Swamp:1)
  4 ugly things
  3 wolf spiders
  A cyclops (Orc:2)
  3 black mambas
  A gargoyle (D:12)
  A rime drake (Lair:5)
  2 polar bears
  2 trolls
  A tyrant leech (Lair:2)
  A tarantella (Spider:2)
  A hornet (D:7)
  A jumping spider (Spider:1)
  A culicivora (Spider:1)
  2 wraiths (Lair:5)
  A wyvern (D:5)
  11 yaks
  A redback (Spider:1)
  A warg (Orc:2)
  An acid dragon (D:8)
  3 water moccasins
  An orc warrior (Orc:2)
  An ice beast (D:7)
  5 wolves (Lair:2)
  2 ogres
  A centaur (D:6)
  A kobold brigand (D:7)
  A gnoll sergeant (D:8)
  5 killer bees (D:5)
  An electric eel (D:12)
  2 jellies (D:7)
  An orc priest (D:5)
  An iguana (D:6)
  An orc wizard (D:6)
  A gnoll (D:8)
  A shadow imp (D:7)
  An orc (D:5)
  2 kobolds (D:7)
  2 bushes
  12 foxfires (Swamp:1)
  52 fungi
  155 plants
  4 snaplasher vines
312 creatures vanquished.

Grand Total: 960 creatures vanquished

Notes
Turn   | Place    | Note
-------+----------+-------------------------------------------
     0 | D:1      | croobank the Felid Summoner began the quest for the Orb.
     0 | D:1      | Reached XP level 1. HP: 7/7 MP: 4/4
   244 | D:1      | Reached skill level 3 in Dodging
   275 | D:1      | Reached XP level 2. HP: 11/11 MP: 3/6
   278 | D:1      | Learned a level 2 spell: Call Imp
   553 | D:1      | Found a faded altar of an unknown god.
   774 | D:2      | Identified the +6 short sword "Gosuits" {speed, rElec
                  | rPois}
   805 | D:2      | Reached XP level 3. HP: 15/15 MP: 2/7
   810 | D:2      | Reached skill level 1 in Fighting
   828 | D:2      | Learned a level 3 spell: Call Canine Familiar
  1002 | D:2      | Reached XP level 4. HP: 19/19 MP: 4/8
  1163 | D:2      | Found an iron altar of Okawaru.
  1396 | D:2      | Reached skill level 1 in Hexes
  1524 | D:2      | Reached skill level 4 in Dodging
  1946 | D:2      | Reached XP level 5. HP: 22/22 MP: 5/10
  1950 | D:2      | Learned a level 3 spell: Summon Guardian Golem
  3353 | D:4      | Gained mutation: You are covered in thick fur. (AC +2)
                  | [Felid growth]
  3353 | D:4      | Reached XP level 6. HP: 27/27 MP: 6/11
  3368 | D:4      | Learned a level 2 spell: Blink
  3964 | D:4      | Found a staircase to the Ecumenical Temple.
  3976 | Temple   | Entered the Ecumenical Temple
  4271 | D:5      | Entered Level 5 of the Dungeon
  4326 | D:5      | Reached skill level 5 in Summonings
  4350 | D:5      | Reached skill level 1 in Translocations
  4440 | D:5      | Reached skill level 5 in Dodging
  4491 | D:5      | Noticed a water moccasin
  4500 | D:5      | Reached XP level 7. HP: 13/31 MP: 7/13
  4670 | D:5      | Found an iron altar of Okawaru.
  4672 | D:5      | Noticed a wyvern
  4690 | D:5      | Killed a wyvern
  5170 | D:5      | Found a shimmering altar of Xom.
  5171 | D:5      | Found a glowing silver altar of Zin.
  5171 | D:5      | Found a blossoming altar of Fedhas.
  5174 | D:5      | Found a glowing golden altar of the Shining One.
  5175 | D:5      | Found a sparkling altar of Nemelex Xobeh.
  5176 | D:5      | Found an opulent altar of Gozag.
  5179 | D:5      | Became a worshipper of Gozag Ym Sagoz the Greedy
  5252 | D:5      | Reached skill level 6 in Dodging
  5252 | D:5      | Reached skill level 5 in Hexes
  5252 | D:5      | Reached skill level 1 in Air Magic
  5252 | D:5      | Reached XP level 8. HP: 22/36 MP: 5/15
  7219 | D:6      | Reached skill level 7 in Dodging
  7298 | D:7      | Found a basalt altar of Yredelemnul.
  7311 | D:7      | Reached skill level 5 in Spellcasting
  7323 | D:7      | Reached XP level 9. HP: 40/40 MP: 4/17
  7329 | D:7      | Reached skill level 5 in Fighting
  8055 | D:7      | Learned a level 4 spell: Summon Lightning Spire
  8417 | D:7      | Reached skill level 8 in Dodging
  9183 | D:8      | Found a sacrificial altar of Ru.
  9249 | D:8      | Found a viscous altar of Jiyva.
  9348 | D:8      | Found a flagged portal.
  9383 | Bailey   | Entered a bailey
  9388 | Bailey   | Identified a scroll of acquirement
  9388 | Bailey   | Acquired the Folio of the Assassin and the Blizzard
  9395 | Bailey   | Learned a level 4 spell: Summon Ice Beast
  9689 | Bailey   | Noticed an orc knight
  9700 | Bailey   | Slain by an orc knight
  9701 | Bailey   | Reached XP level 8. HP: -2/38 MP: 16/18
  9712 | Bailey   | Noticed a nameless horror
  9712 | Bailey   | Killed an orc knight
  9713 | Bailey   | Reached skill level 1 in Ice Magic
  9713 | Bailey   | Reached XP level 9. HP: 41/41 MP: 4/19
  9729 | Bailey   | Killed a nameless horror
 10255 | D:8      | Noticed a deep elf pyromancer
 10266 | D:8      | Killed a deep elf pyromancer
 10267 | D:8      | Reached skill level 5 in Translocations
 10331 | D:8      | Found an ancient bone altar of Kikubaaqudgha.
 10687 | D:8      | Found a white marble altar of Elyvilon.
 10979 | D:9      | Reached skill level 9 in Dodging
 11359 | D:9      | Noticed a kobold demonologist
 11367 | D:9      | Noticed a smoke demon
 11370 | D:9      | Killed a kobold demonologist
 11371 | D:9      | Reached XP level 10. HP: 46/46 MP: 2/20
 11371 | D:9      | Noticed Gastronok
 11382 | D:9      | Killed Gastronok
 11383 | D:9      | Reached skill level 5 in Air Magic
 12074 | D:9      | Reached skill level 10 in Dodging
 12139 | D:9      | Identified the +7 shortbow "Raifuedd" {speed, rElec rC+
                  | Int+2 SInv}
 12264 | D:10     | Entered Level 10 of the Dungeon
 12298 | D:10     | Noticed Sonja
 12306 | D:10     | Killed Sonja
 12798 | D:10     | Reached XP level 11. HP: 50/50 MP: 9/22
 13001 | D:10     | Noticed a sun demon
 13002 | D:10     | Noticed an obsidian statue
 13833 | D:10     | Learned a level 5 spell: Summon Forest
 14038 | D:11     | Found a staircase to the Orcish Mines.
 14209 | D:11     | Found a shadowy altar of Dithmenos.
 14467 | D:11     | Noticed a death yak
 14476 | D:11     | Noticed a death yak
 14499 | D:10     | Reached skill level 11 in Dodging
 14904 | D:11     | Found a staircase to the Lair.
 14926 | D:11     | Noticed a death yak
 14968 | D:11     | Killed a death yak
 14972 | D:11     | Killed a death yak
 14983 | D:11     | Killed a death yak
 15594 | D:12     | Found Zialazor's Armour Shoppe.
 15657 | D:12     | Noticed a six-headed hydra
 15676 | D:12     | Killed a six-headed hydra
 15807 | D:12     | Noticed a white ugly thing
 15823 | D:12     | Killed a white ugly thing
 16188 | D:12     | Learned a level 1 spell: Apportation
 16391 | D:12     | Gained mutation: Your thick and shaggy fur keeps you warm.
                  | (AC +3, rC+) [Felid growth]
 16391 | D:12     | Reached XP level 12. HP: 56/56 MP: 11/25
 17046 | D:12     | Noticed a boulder beetle
 17083 | D:12     | Reached skill level 12 in Dodging
 17118 | D:12     | Killed a boulder beetle
 17497 | D:12     | Reached skill level 10 in Summonings
 17571 | D:12     | You fall into a shaft and drop 2 floors!
 17583 | D:14     | Noticed a boulder beetle
 17648 | D:14     | Noticed a four-headed hydra
 18297 | Lair:1   | Entered Level 1 of the Lair of Beasts
 18419 | Lair:1   | Noticed a catoblepas
 18518 | Lair:1   | Killed a catoblepas
 18519 | Lair:1   | Reached skill level 13 in Dodging
 18643 | Lair:1   | Found a runed translucent door.
 19649 | Lair:1   | Noticed gregunderscorem's ghost (journeyman OpMo)
 19650 | Lair:1   | Identified the +6 trident of the Trees {speed, Int+5}
 19981 | Lair:2   | Reached skill level 10 in Fighting
 20092 | Lair:2   | Found a hole to the Spider Nest.
 20475 | Lair:2   | Noticed a five-headed hydra
 20484 | Lair:2   | Killed a five-headed hydra
 20946 | Lair:2   | Noticed a six-headed hydra
 20954 | Lair:2   | Killed a six-headed hydra
 21282 | Lair:2   | Reached XP level 13. HP: 62/62 MP: 21/27
 21431 | Lair:2   | Found a staircase to the Swamp.
 22279 | Lair:2   | Reached skill level 14 in Dodging
 22279 | Lair:2   | Reached skill level 10 in Spellcasting
 22438 | Lair:3   | Identified the +1 robe "Deinufep" {Int+8 Dex-5}
 22854 | Lair:3   | Reached skill level 15 in Dodging
 22883 | Lair:3   | Killed by an exploding themself... ignited by their inner
                  | flame
 22884 | Lair:3   | Reached XP level 12. HP: -4/60 MP: 0/27
 23182 | Lair:3   | Noticed a seven-headed hydra
 23192 | Lair:3   | Killed a seven-headed hydra
 23877 | Lair:4   | Found a viscous altar of Jiyva.
 23877 | Lair:4   | Found a staircase to the Slime Pits.
 23998 | Lair:4   | Reached skill level 16 in Dodging
 24613 | Lair:4   | Reached XP level 13. HP: 65/65 MP: 12/28
 25732 | Lair:5   | Entered Level 5 of the Lair of Beasts
 26448 | Lair:5   | Reached skill level 17 in Dodging
 27043 | Lair:5   | Noticed Josephine
 27057 | Lair:5   | Killed Josephine
 27821 | Lair:5   | Reached skill level 18 in Dodging
 28481 | Orc:1    | Entered Level 1 of the Orcish Mines
 28612 | Orc:2    | Entered Level 2 of the Orcish Mines
 28619 | Orc:2    | Reached XP level 14. HP: 72/72 MP: 21/29
 28952 | Orc:2    | Reached skill level 1 in Poison Magic
 28961 | Orc:2    | Learned a level 4 spell: Olgreb's Toxic Radiance
 30802 | Orc:1    | Reached skill level 5 in Poison Magic
 31049 | Orc:2    | Noticed Donald
 31080 | Orc:2    | Killed Donald
 31281 | Orc:2    | Found a large runed translucent door.
 31281 | Orc:2    | Found a large runed translucent door.
 31282 | Orc:2    | Noticed qeuew's ghost (journeyman HOMo)
 31560 | Orc:2    | Killed qeuew's ghost
 32111 | Orc:2    | Found Uschuduge's Distillery.
 32116 | Orc:2    | Found a staircase to the Elven Halls.
 32117 | Orc:2    | Found Fahion's Magic Scroll Shop.
 32288 | Orc:2    | Found Xusifis's Weapon Emporium.
 32289 | Orc:2    | Found Gebore's General Store.
 32297 | Orc:2    | Bought a scroll of fear for 52 gold pieces
 32297 | Orc:2    | Bought a potion of resistance for 130 gold pieces
 32988 | D:13     | Noticed Rupert
 33009 | D:13     | Killed Rupert
 34263 | D:14     | Found a gate to the Vaults.
 34274 | D:14     | Reached XP level 15. HP: 63/76 MP: 1/30
 34848 | D:14     | Found a sparkling altar of Nemelex Xobeh.
 35265 | Orc:2    | Bought a scroll of summoning for 142 gold pieces
 35265 | Orc:2    | Bought a scroll of magic mapping for 112 gold pieces
 35289 | Orc:2    | Bought a potion of brilliance for 56 gold pieces
 35289 | Orc:2    | Bought 2 potions of haste for 280 gold pieces
 35377 | Lair:2   | Acquired a book of the Earth
 35400 | Spider:1 | Entered Level 1 of the Spider Nest
 35716 | Spider:1 | Reached skill level 19 in Dodging
 35731 | Spider:1 | Noticed Roxanne
 35945 | Spider:1 | Mangled by a jorogumo
 35946 | Spider:1 | Reached XP level 14. HP: -6/68 MP: 1/29
 35950 | Spider:1 | Bought the amulet of the Four Xenops {Reflect Drain rF++
                  | Regen+ Dex+10 SH+5} for 1118 gold pieces
 35960 | Spider:1 | Bought the ring "Heatrek" {rElec rPois rCorr Str-3} for 532
                  | gold pieces
 36210 | Spider:1 | Bought a book of Scorching for 450 gold pieces
 36217 | Spider:1 | Learned a level 6 spell: Summon Cactus Giant
 36271 | Spider:1 | Identified the +5 rapier of Defenestration {flame, *Noise
                  | +Blink rPois Dex+4}
 36790 | Spider:2 | You fall into a shaft and drop 1 floor!
 36868 | Spider:2 | Noticed an emperor scorpion
 36890 | Spider:2 | Killed an emperor scorpion
 36909 | Spider:2 | Reached skill level 15 in Fighting
 36976 | Spider:2 | Acquired the ring of Hasoixt {rPois Will++ rCorr Str+4
                  | SInv}
 37100 | Spider:2 | Noticed a ghost moth
 37124 | Spider:2 | Killed a ghost moth
 37662 | Spider:2 | Noticed Aizul
 37670 | Spider:2 | Noticed Agnes
 37676 | Spider:2 | Killed Agnes
 37685 | Spider:2 | Killed Aizul
 38073 | Spider:1 | Reached XP level 15. HP: 32/77 MP: 2/31
 38399 | Swamp:1  | Entered Level 1 of the Swamp
 38454 | Swamp:1  | HP: 3/77 [alligator (3)]
 38617 | Swamp:1  | Noticed Mlioglotl
 38637 | Swamp:1  | Noticed a lich
 38638 | Swamp:1  | Noticed a bone dragon
 38640 | Swamp:1  | Noticed an Executioner
 38647 | Swamp:1  | HP: 3/77 [lich[Mlioglotl] (4)]
 38648 | Swamp:1  | Gained mutation: Your mind is acute. (Int +4, Str/Dex -1)
                  | [a neqoxec]
 38649 | Swamp:1  | Lost mutation: Your mind is acute. (Int +4, Str/Dex -1) [a
                  | neqoxec]
 38650 | Swamp:1  | Slain by an Executioner
 38651 | Swamp:1  | Reached XP level 14. HP: -1/73 MP: 0/30
 38693 | Swamp:1  | Killed Mlioglotl
 38694 | Swamp:1  | Reached skill level 10 in Translocations
 38741 | Swamp:1  | Found a glowing silver altar of Zin.
 39161 | Swamp:2  | Killed from afar by a swamp worm

Illustrated notes

Levels and vault maps discovered:
D:1:      shiori_arrival_elements, layout_basic, ebering_ecumenical_altar_box
D:2:      layout_basic, basic_altar, minivault_27
D:3:      layout_basic, nicolae_elevator_lobby_plus
D:4:      layout_basic, minmay_temple_entry_offerings, dreamdust_wishing_well
D:5:      layout_gridville, minitemple
D:6:      layout_loops_ring
D:7:      layout_rooms, mainiacjoe_overflow_tiny_flanked
D:8:      layout_layer_cave, amcnicky_altar_gilded, mainiacjoe_overflow_swirl,
          enter_bailey_2, jiyva_altar_1
D:9:      layout_gridville, kennysheep_generic_room_4, uniq_gastronok
D:10:     layout_roguey, serial_curves, eino_curves_02, eino_curves_01,
          minmay_statue_bubble, uniq_sonja
D:11:     layout_irregular_city, dpeg_lair_monsters, david_orc_3,
          minmay_strange_pillars, grunt_dithmenos_smoke_and_mirrors
D:12:     layout_basic, serial_shops, shop
D:13:     layout_gridville, uniq_rupert
D:14:     layout_cave_pools, lightli_vaults_fourway_checkpoint,
          nemelex_lonely_heart_becter
Temple:   bh_familiar_temple
Lair:1:   layout_loops_ring, ebering_ghost_funeral_grove, st_stairs_10,
          minmay_lair_oklob_bushes
Lair:2:   layout_layer_cave, minmay_swamp_entry_worms, spider_nest_entry_rubble,
          infiniplex_staircase_pool_2
Lair:3:   layout_roguey
Lair:4:   layout_cave_pods, slime_entry_1, serial_bayou, serial_bayou_lagoon_a,
          serial_bayou_shore_a, serial_bayou_pond_a, serial_bayou_lake_a,
          serial_bayou_ford_a, kilobyte_rumbling_trees,
          infiniplex_staircase_pool
Lair:5:   grunt_lair_end_beastmaster, layout_regular_city, grunt_megastairs_1,
          lemuel_fruit_fields, uniq_josephine
Swamp:1:  layout_basic_swamp, nicolae_swamp_godswood, uniq_mlioglotl
Swamp:2:  layout_falls_marsh, gammafunk_ghost_necromancy,
          evilmike_swamp_ruin_house_5, swamp_pool1, nicolae_swamp_baby_hydras
Spider:1: layout_spider_delve, uniq_roxanne
Spider:2: layout_spider_delve, uniq_agnes, uniq_aizul
Spider:3: layout_spider_delve, uniq_kirke
Orc:1:    minmay_goldmine, layout_caves
Orc:2:    st_orc_open, layout_caves, ebering_ghost_disaster_area, uniq_donald

Skill      XL: |  1  2  3  4  5  6  7  8  9 10 11 12 13 14 15 |
---------------+----------------------------------------------+-----
Stealth        | 3 |  3.0
Dodging        | 3 4 5 6 7 9 10 11 16 18 19 | 19.0
Fighting       | 1 2 3 6 5 7 8 12 14 15 | 15.0
Hexes          | 1 2 3 5 |  5.0
Spellcasting   | 3 4 5 6 7 8 9 10 11 | 11.8
Summonings     | 5 6 7 8 9 10 12 | 12.1
Translocations | 2 3 5 6 10 | 10.0
Air Magic      | 1 2 4 5 7 |  7.0
Ice Magic      | 1 3 |  3.0
Poison Magic   | 7 |  7.4

Action                   |  1- 3 |  4- 6 |  7- 9 | 10-12 | 13-15 || total
-------------------------+-------+-------+-------+-------+-------++-------
Melee: Unarmed           |     7 |    48 |    45 |    91 |   115 ||   306
       Bite              |     1 |     8 |     5 |    18 |    25 ||    57
       Punch             |       |     1 |       |     2 |       ||     3
 Cast: Summon Small Mamm |    21 |    30 |    61 |    10 |     5 ||   127
       Call Imp          |     5 |     8 |    20 |     8 |    14 ||    55
       Call Canine Famil |     1 |    18 |    33 |    46 |    72 ||   170
       Summon Guardian G |       |     3 |    34 |    37 |    67 ||   141
       Summon Lightning  |       |       |    17 |    86 |   140 ||   243
       Summon Ice Beast  |       |       |    11 |    77 |   113 ||   201
       Blink             |       |       |     1 |       |    12 ||    13
       Summon Forest     |       |       |       |     9 |    24 ||    33
       Summon Cactus Gia |       |       |       |       |    26 ||    26
       Olgreb's Toxic Ra |       |       |       |       |    18 ||    18
Invok: Potion Petition   |       |       |       |       |     7 ||     7
       Call Merchant     |       |       |       |       |     4 ||     4
Evoke: Wand              |       |       |       |     3 |    19 ||    22
       Phial of floods   |       |       |       |       |     1 ||     1
       Condenser vane    |       |       |       |       |     1 ||     1
  Use: Scroll            |       |       |    17 |    10 |     8 ||    35
       Potion            |       |       |     2 |     3 |    15 ||    20
 Stab: Distracted        |     1 |       |       |     1 |     4 ||     6
       Sleeping          |       |     1 |     8 |     1 |     2 ||    12
       Betrayed ally     |       |       |       |     1 |       ||     1
       Petrified         |       |       |       |       |     3 ||     3
       Invisible         |       |       |       |       |     5 ||     5
Armor: Skin              |     1 |    15 |     9 |    14 |    28 ||    67
Dodge: Dodged            |     7 |    74 |    98 |   158 |   638 ||   975
Block: Other             |       |       |       |       |    55 ||    55
